 Dungeon Sprint DCSS version 0.29-a0-717-g6dac4ea423 (webtiles) character file.

Game seed: 2819330479076525907

126 rocky1 the Insei (level 5, 0/33 HPs)
             Began as an Octopode Transmuter on June 27, 2022.
             Was a Follower of Sif Muna.
             Succumbed to a scorpion's poison
             ... in the Dungeon (Sprint VII: "The Pits").
             The game lasted 00:01:01 (289 turns).

rocky1 the Insei (Octopode Transmuter)               Turns: 289, Time: 00:01:02

Health: 0/33       AC:  1    Str: 11    XL:     5   Next: 10%
Magic:  6/11       EV: 14    Int: 16    God:    Sif Muna [*.....]
Gold:   0          SH:  0    Dex: 12    Spells: 11/12 levels left

rFire   . . .      SeeInvis .     - Unarmed
rCold   . . .      Faith    .   (no shield)
rNeg    . . .      Spirit   .   (helmet currently unavailable)
rPois   .          Reflect  .   (no amulet)
rElec   .          Harm     .   (no ring)
rCorr   .          Rampage  .   (no ring)
Will    .....      NoTele   +   (no ring)
Stlth   +++.......              (no ring)
HPRegen 0.11/turn               (no ring)
MPRegen 0.12/turn               (no ring)
                                (no ring)
                                (no ring)

@: lethally poisoned (0 -> -1), appendages (expiring), on berserk cooldown,
slowed, very slow
A: tentacle spike 3, almost no armour, amphibious, 8 rings, camouflage 1,
gelatinous body 1, (nimble swimmer 1), tentacles
a: End Transformation, Renounce Religion, Channel Magic


You were in the Dungeon.
You worshipped Sif Muna.
Sif Muna was aware of your devotion.
One of your tentacles had grown a beastly spike.
You visited 1 branch

Inventory:

Scrolls
 g - a scroll of blinking
 i - 5 scrolls of amnesia
 j - a scroll of summoning
Potions
 a - a potion of lignification
 d - a potion of haste
 e - 4 potions of magic
 f - 2 potions of berserk rage
 h - 2 potions of invisibility


   Skills:
 + Level 1.2 Fighting
 + Level 4.2 Dodging
 + Level 2.0 Stealth
 + Level 7.2 Unarmed Combat
 + Level 4.3 Spellcasting
 + Level 4.0 Transmutations


You had 11 spell levels left.
You knew the following spells:

 Your Spells              Type           Power      Damage    Failure   Level
a - Beastly Appendage     Tmut           32%        N/A       3%          1

Your spell library contained the following spells:

 Spells                   Type           Power      Damage    Failure   Level
 Wereblood                Tmut           16%        N/A       4%          2
 Spider Form              Tmut/Pois      9%         N/A       22%         3
 Ice Form                 Ice/Tmut       9%         N/A       56%         4


Dungeon Overview and Level Annotations

Branches:
Dungeon (1/1)

Altars:
Ashenzari
Cheibriados
Dithmenos
Elyvilon
Fedhas
Gozag
Hepliaklqana
Kikubaaqudgha
Makhleb
Nemelex Xobeh
Okawaru
Qazlal
Ru
Sif Muna
Trog
Uskayaw
Vehumet
Wu Jian
Xom
Yredelemnul
Zin
The Shining One
Beogh
Jiyva
Lugonu


Innate Abilities, Weirdness & Mutations

One of your tentacles has grown a beastly spike.
You cannot wear most types of armour.
You are amphibious.
You can wear up to eight rings at the same time.
Your skin changes colour to match your surroundings (Stealth+).
Your rubbery body absorbs attacks. (AC +1, EV +1)
((You are camouflaged when in or above water. (Stealth+)))
You have tentacles for arms and can constrict up to eight enemies at once.


Message History

You have reached level 4!
You closely miss the scorpion. Your grab misses the scorpion.
You pierce the scorpion.
The scorpion is moderately wounded.
* * * LOW HITPOINT WARNING * * *
You feel sick. The scorpion barely misses you.
You barely miss the scorpion. Your grab misses the scorpion.
Your tentacle spike misses the scorpion.
The scorpion is lightly wounded.
* * * LOW HITPOINT WARNING * * *
You feel sick. The scorpion barely misses you.
You batter the scorpion!!
You kill the scorpion!
Sif Muna accepts your kill.
Your transformation is almost over.
* * * LOW HITPOINT WARNING * * *
You feel sick.
Your Dodging skill increases to level 4!
Your Stealth skill increases to level 2!
Your Unarmed Combat skill increases to level 7!
Your Spellcasting skill increases to level 4!
Your Transmutations skill increases to level 4!
You have reached level 5!
You feel clever.
Unknown command.
You feel sick.
You feel a strong urge to attack something.
You feel sick.
You feel sick.
You feel your anger nearly subside.
You are no longer berserk.
You are exhausted.
You feel yourself slow down.
* * * LOW HITPOINT WARNING * * *
You feel sick.
Okay, then.
* * * LOW HITPOINT WARNING * * *
You feel sick.
* * * LOW HITPOINT WARNING * * *
You feel sick.
You die...

_________.#
_______...###########++
##########'##...........
#.?(.')))'.##......#..#.
##########.##...........
#...........'...........
#+#####÷#####......#..#.
#...'.##...........
#...#@#####'#####++
#####.##.......#
+...#.##.......#
+...†.##.......#
########...<...#
#.......# #.......#
#.......# #########


There were no monsters in sight!

Vanquished Creatures
  2 scorpions (D)
  An ufetubus (D)
  A hobgoblin (D)
  A ball python (D)
5 creatures vanquished.

Notes
Turn   | Place    | Note
-------+----------+-------------------------------------------
     0 | D        | rocky1 the Octopode Transmuter began the quest for the Orb.
     0 | D        | Reached XP level 1. HP: 13/13 MP: 3/3
    22 | D        | Found a bloodstained altar of Trog.
    22 | D        | Found a shimmering blue altar of Sif Muna.
    22 | D        | Found a viscous altar of Jiyva.
    22 | D        | Found a hazy altar of Hepliaklqana.
    22 | D        | Found an opulent altar of Gozag.
    23 | D        | Found a glowing golden altar of the Shining One.
    23 | D        | Found a glowing silver altar of Zin.
    23 | D        | Found a basalt altar of Yredelemnul.
    23 | D        | Found a shimmering altar of Xom.
    23 | D        | Found an ornate altar of the Wu Jian Council.
    23 | D        | Found a sacrificial altar of Ru.
    23 | D        | Found a stormy altar of Qazlal.
    23 | D        | Found an iron altar of Okawaru.
    23 | D        | Found a sparkling altar of Nemelex Xobeh.
    23 | D        | Found a burning altar of Makhleb.
    23 | D        | Found a blossoming altar of Fedhas.
    23 | D        | Found a white marble altar of Elyvilon.
    23 | D        | Found a shadowy altar of Dithmenos.
    23 | D        | Found a snail-covered altar of Cheibriados.
    26 | D        | Found a corrupted altar of Lugonu.
    26 | D        | Found a radiant altar of Vehumet.
    27 | D        | Found an ancient bone altar of Kikubaaqudgha.
    27 | D        | Found a hide-covered altar of Uskayaw.
    27 | D        | Found a broken altar of Ashenzari.
    28 | D        | Became a worshipper of Sif Muna the Loreminder
    67 | D        | Reached skill level 4 in Unarmed Combat
    69 | D        | Reached XP level 2. HP: 6/18 MP: 3/5
   269 | D        | Noticed a scorpion
   269 | D        | Noticed a scorpion
   279 | D        | Killed a scorpion
   279 | D        | Reached * piety under Sif Muna
   280 | D        | Reached skill level 1 in Stealth
   280 | D        | Reached skill level 6 in Unarmed Combat
   280 | D        | Reached XP level 3. HP: 9/23 MP: 5/8
   280 | D        | Reached XP level 4. HP: 11/28 MP: 5/9
   282 | D        | Killed a scorpion
   283 | D        | Reached skill level 7 in Unarmed Combat
   283 | D        | Reached XP level 5. HP: 9/33 MP: 6/11
   288 | D        | HP: 1/33 [poisoned by a scorpion]
   289 | D        | Succumbed to a scorpion's poison

Illustrated notes

Levels and vault maps discovered:
D:        pitsprint [storerooms_1, entrance_room_1, metal_vault_4, armoury_2,
          mini_pit_1, grid_room_1, main_hall_1, silver_pit, the_coven_3,
          the_vestibule_1, steel_vault_2, golden_pit, hallway_of_sentries,
          crystal_vault_4, iron_vault_1, final_vault]

Skill      XL: |  1  2  3  4 |
---------------+-------------+-----
Unarmed Combat | 4 6 7 |  7.2
Dodging        | 3 4 |  4.2
Stealth        | 1 2 |  2.0
Spellcasting   | 3 4 |  4.3
Transmutations | 3 4 |  4.0
Fighting       | |  1.2

Action                   |  1- 3 |  4- 6 || total
-------------------------+-------+-------++-------
Melee: Unarmed           |    13 |     3 ||    16
       Kick              |     3 |     1 ||     4
       Tentacles         |     1 |       ||     1
       Constrict         |     1 |       ||     1
 Cast: Beastly Appendage |     4 |       ||     4
  Use: Potion            |     3 |       ||     3
 Stab: Sleeping          |     1 |       ||     1
Armor: Skin              |     2 |       ||     2
Dodge: Dodged            |    13 |     2 ||    15

Table legend: (Time is in decaauts)
 A = Elapsed time spent in this place.
 B = Non-inter-level travel time spent in this place.
 C = Inter-level travel time spent in this place.
 D = Time resting spent in this place.
 E = Time spent auto-exploring this place.
 F = Levels seen in this place.
 G = Mean time per level.
                   A        B        C        D        E       F      G
               +--------+--------+--------+--------+--------+-----+--------+
         Total |    285 |    285 |      0 |    190 |      0 |   1 |  285.0 |
       Dungeon |    285 |    285 |      0 |    190 |      0 |   1 |  285.0 |
               +--------+--------+--------+--------+--------+-----+--------+

Top non-repeatable levels by time:
       D: 285 daAuts
